 Dungeon Crawl Stone Soup version 0.24.0-7-gb3623d2c88 (webtiles) character file.

Game seed: 1110070505201135825, levelgen mode: deterministic

3 wullow the Ruffian (level 1, -2/18 HPs)
             Began as a Naga Wanderer on Nov 2, 2019.
             Slain by a leopard gecko (3 damage)
             ... on level 1 of the Dungeon.
             The game lasted 00:01:18 (61 turns).

wullow the Ruffian (Naga Wanderer)                    Turns: 61, Time: 00:01:19

Health: -2/18      AC:  1    Str: 13    XL:     1   Next: 50%
Magic:  2/2        EV:  6    Int: 12    God:
Gold:   4          SH:  7    Dex: 11    Spells: 1/2 levels left

rFire    . . .     SeeInvis +   a - +0 club
rCold    . . .     Gourm    .   e - +0 shield
rNeg     . . .     Faith    .   d - +0 robe
rPois    +         Spirit   .   (no helmet)
rElec    .         Reflect  .   (no cloak)
rCorr    .         Harm     .   (no gloves)
MR       .....                  (no barding)
Stlth    +.........             (no amulet)
HPRegen  0.06/turn              (no ring)
MPRegen  0.08/turn              (no ring)

@: very slow
A: large, see invisible, deformed body, poison resistance, slowness 2, slow
metabolism 1, spit poison 1, AC +0
a: Spit Poison


You were on level 1 of the Dungeon.
You were not hungry.

You visited 1 branch of the dungeon, and saw 1 of its levels.

You collected 4 gold pieces.

Inventory:

Hand Weapons
 a - a +0 club (weapon)
Missiles
 g - 26 stones (quivered)
Armour
 d - a +0 robe (worn)
 e - a +0 shield (worn)
Potions
 b - a potion of lignification
 c - a potion of degeneration {unknown}
Comestibles
 f - a ration


   Skills:
 - Level 1.0 Fighting
 + Level 0.1 Armour
 + Level 0.3 Stealth
 * Level 1.7 Shields
 - Level 4.0 Unarmed Combat
 + Level 1.0 Spellcasting
   Level 1.0 Summonings
 + Level 1.4 Poison Magic


You had one spell level left.
You knew the following spells:

 Your Spells              Type           Power        Failure   Level  Hunger
a - Sting                 Conj/Pois      #...         71%         1    ##.....

Your spell library contained the following spells:

 Spells                   Type           Power        Failure   Level  Hunger
 Mephitic Cloud           Conj/Pois/Air  #.......     98%         3    ####...


Dungeon Overview and Level Annotations

Branches:
Dungeon (1/15)

Altars:


Innate Abilities, Weirdness & Mutations

You cannot wear boots.
Your serpentine skin is tough. (AC +0)
You have supernaturally acute eyesight. (SInv)
Armour fits poorly on your strangely shaped body.
Your system is resistant to poisons. (rPois)
You cover ground very slowly.
You have a slow metabolism.
You can spit poison.


Message History

The leopard gecko barely misses you. The jackal barely misses you.
You block the leopard gecko's attack.
You hit the leopard gecko.
The leopard gecko is moderately wounded.
The jackal bites you. The leopard gecko bites you.
* * * LOW HITPOINT WARNING * * *
You block the jackal's attack.
Your shield prevents you from hitting the leopard gecko.
The leopard gecko is moderately wounded.
You block the leopard gecko's attack. You block the jackal's attack.
The leopard gecko bites you but does no damage.
The jackal barely misses you.
You closely miss the leopard gecko.
The leopard gecko is moderately wounded.
The leopard gecko bites you.
* * * LOW HITPOINT WARNING * * *
The jackal bites you.
* * * LOW HITPOINT WARNING * * *
The leopard gecko bites you.
You die...

#########
#.......#####..
#..............
#......g#####..
#.......#
#.......# ##..
####.####.......
#.gh@l..#.....
#..######......
##..............
#........#.....
#........#...[.
#.#.......#....
#.#............
#.#..........#
#.#####......#


You could see a leopard gecko, a jackal and a goblin.

Vanquished Creatures
  A jackal (D:1)
  2 bats (D:1)
3 creatures vanquished.

Notes
Turn   | Place    | Note
-------+----------+-------------------------------------------
     0 | D:1      | wullow the Naga Wanderer began the quest for the Orb.
     0 | D:1      | wullow set off with the following items: a +0 club, a
                  | potion of lignification, a +0 robe, a +0 shield, a ration;
                  | and the following spell memorised: Sting; and the following
                  | spells available to memorise: Mephitic Cloud
     0 | D:1      | Reached XP level 1. HP: 18/18 MP: 2/2
     4 | D:1      | Noticed an anaconda
    61 | D:1      | Slain by a leopard gecko

Levels and vault maps discovered:
D:1:      sevenhm_arrival_forest_fort_small_2, layout_rooms

Action                   || total
-------------------------++-------
Melee: Club              ||     5
 Abil: Spit Poison       ||     3
Armor: Robe              ||     1
Dodge: Dodged            ||     5
Block: Shield            ||     6
